 Dungeon Sprint DCSS version 0.29-a0-359-g541a27f54d (webtiles) character file.

Game seed: 10425337932338819158

157 Zeldest the Skirmisher (level 5, -1/46 HPs)
             Began as a Mummy Fighter on Apr 27, 2022.
             Slain by an ufetubus (4 damage)
             ... in the Dungeon (Sprint IX: "|||||||||||||||||||||||||||||").
             The game lasted 00:00:21 (51 turns).

Zeldest the Skirmisher (Mummy Fighter)                Turns: 51, Time: 00:00:22

Health: -1/46      AC:  7    Str: 21    XL:     5   Next: 15%
Magic:  5/5        EV:  9    Int:  8    God:
Gold:   0          SH:  5    Dex: 11    Spells: 4/4 levels left

rFire   x . .      SeeInvis .   a - +0 flail
rCold   + . .      Faith    .   c - +0 buckler
rNeg    + + +      Spirit   .   b - +0 scale mail
rPois   ∞          Reflect  .   (no helmet)
rElec   .          Harm     .   (no cloak)
rCorr   .          Rampage  .   (no gloves)
Will    .....      NoTele   +   (no boots)
Stlth   ..........              (no amulet)
HPRegen 0.15/turn               (no ring)
MPRegen 0.09/turn               (no ring)

@: no status effects
A: cold resistance 1, negative energy resistance 3, torment resistance 2, heat
vulnerability 1, in touch with death 1, no potions
a: no special abilities


You were in the Dungeon.
You visited 1 branch

Inventory:

Hand Weapons
 a - a +0 flail (weapon)
Armour
 b - a +0 scale mail (worn)
 c - a +0 buckler (worn)
Scrolls
 d - a scroll of blinking


   Skills:
 + Level 6.0 Fighting
 + Level 4.5 Maces & Flails
 + Level 5.0 Armour
 + Level 4.9 Shields


You had 4 spell levels left.
You didn't know any spells.
Your spell library was empty.

Dungeon Overview and Level Annotations

Branches:
Dungeon (1/1)

Altars:


Innate Abilities, Weirdness & Mutations

You are immune to poison.
Your flesh is cold resistant. (rC+)
You are immune to negative energy. (rN+++)
You are immune to unholy pain and torment.
You are vulnerable to heat. (rF-)
You are in touch with the powers of death.
You do not drink.


Message History

* * * LOW HITPOINT WARNING * * *
You barely miss the scorpion.
The scorpion is heavily wounded.
The scorpion closely misses you. You block the scorpion's attack.
You hit the scorpion.
The scorpion is severely wounded.
The hound stops to sniff the ground.
The scorpion stings you but does no damage.
You hit the scorpion but do no damage.
The scorpion is severely wounded.
The scorpion stings you.
* * * LOW HITPOINT WARNING * * *
You block the scorpion's attack.
You sock the scorpion!
You kill the scorpion!
The ufetubus closely misses you. The ufetubus hits you.
* * * LOW HITPOINT WARNING * * *
Your Fighting skill increases to level 6!
Your Maces & Flails skill increases to level 4!
Your Armour skill increases to level 5!
You have reached level 5!
You feel clever.
Okay, then.
You barely miss the ufetubus. The ufetubus closely misses you.
You block the ufetubus's attack.
The ufetubus hits you but does no damage.
The ufetubus closely misses you.
You barely miss the ufetubus. The ufetubus misses you.
The ufetubus completely misses you.
You closely miss the ufetubus.
The ufetubus hits you but does no damage. x3
The ufetubus barely misses you.
You closely miss the ufetubus. You block the ufetubus's attack.
The ufetubus misses you.
The ufetubus hits you but does no damage.
The ufetubus barely misses you.
You closely miss the ufetubus. The ufetubus hits you.
* * * LOW HITPOINT WARNING * * *
You block the ufetubus's attack. The ufetubus hits you.
You die... ▓▓▓▓▓▓▓▓▓▓▓▓▓▓▓▓▓▓ +....h5@...))...<▓ ▓▓▓▓▓▓▓▓▓▓▓▓▓▓▓▓▓▓

You could see a hound and an ufetubus.

Vanquished Creatures
  An ice beast (D)
  A scorpion (D)
  An ufetubus (D)
  An endoplasm (D)
  A goblin (D)
  A kobold (D)
  A ball python (D)
  A rat (D)
8 creatures vanquished.

Notes
Turn   | Place    | Note
-------+----------+-------------------------------------------
     0 | D        | Zeldest the Mummy Fighter began the quest for the Orb.
     0 | D        | Reached XP level 1. HP: 18/18 MP: 1/1
     4 | D        | Banished a spatial maelstrom
    24 | D        | Noticed a hound
    24 | D        | Noticed a scorpion
    24 | D        | Noticed an ice beast
    34 | D        | Killed an ice beast
    35 | D        | Reached skill level 5 in Fighting
    35 | D        | Reached XP level 2. HP: 6/27 MP: 2/2
    35 | D        | Gained mutation: You are in touch with the powers of death.
                  | [Mummy growth]
    35 | D        | Reached XP level 3. HP: 8/33 MP: 3/3
    35 | D        | Reached XP level 4. HP: 9/39 MP: 4/4
    46 | D        | Killed a scorpion
    47 | D        | Reached skill level 6 in Fighting
    47 | D        | Reached skill level 5 in Armour
    47 | D        | Reached XP level 5. HP: 5/46 MP: 5/5
    51 | D        | Slain by an ufetubus

Illustrated notes

Levels and vault maps discovered:
D:        linesprint [early_d, line_temple, items_1, d_10, items_2, lair_1,
          lair_end, items_3, orc_1, orc_end, items_4, d_15, swamp_1, shoals_1,
          snake_1, spider_1, d_20, vaults_1, items_5, swamp_end, shoals_end,
          snake_end, spider_end, vaults_end, d_27, items_6, zot_1, zot_end,
          crypt_end, forest_end, elf_end, slime_end, tomb_end, abyss_end,
          pan_hell_end]

Skill      XL: |  1  2  3  4 |
---------------+-------------+-----
Maces & Flails | 3 4 |  4.5
Fighting       | 5 6 |  6.0
Armour         | 4 5 |  5.0
Shields        | 4 |  4.9

Action                   |  1- 3 |  4- 6 || total
-------------------------+-------+-------++-------
Melee: Flail             |    24 |    17 ||    41
Armor: Scale mail        |    16 |    11 ||    27
Dodge: Dodged            |     8 |    12 ||    20
Block: Buckler           |     5 |     6 ||    11

Table legend: (Time is in decaauts)
 A = Elapsed time spent in this place.
 B = Non-inter-level travel time spent in this place.
 C = Inter-level travel time spent in this place.
 D = Time resting spent in this place.
 E = Time spent auto-exploring this place.
 F = Levels seen in this place.
 G = Mean time per level.
                   A        B        C        D        E       F      G
               +--------+--------+--------+--------+--------+-----+--------+
         Total |     63 |     63 |      0 |      0 |      0 |   1 |   63.0 |
       Dungeon |     63 |     63 |      0 |      0 |      0 |   1 |   63.0 |
               +--------+--------+--------+--------+--------+-----+--------+

Top non-repeatable levels by time:
       D: 63 daAuts
